 Dungeon Crawl Stone Soup version 0.29.1-12-g30fa7ad0bf (webtiles) character file.

Game seed: 5197883287358013203

352 FexLirch the Conjurer (level 6, -4/36 HPs)
             Began as an Octopode Conjurer on Dec 16, 2022.
             Killed from afar by an orc wizard (8 damage)
             ... with a puff of flame
             ... on level 4 of the Dungeon.
             The game lasted 00:05:40 (4177 turns).

FexLirch the Conjurer (Octopode Conjurer)           Turns: 4177, Time: 00:05:42

Health: -4/36      AC:  1    Str:  6    XL:     6   Next: 62%
Magic:  4/9        EV: 13    Int: 22    God:
Gold:   115        SH:  0    Dex: 14    Spells: 2/9 levels left

rFire   . . .      SeeInvis .   n - +7 hand axe "Haroqe" {freeze, rN+ Dex+5}
rCold   . . .      Faith    .   (no shield)
rNeg    + . .      Spirit   .   (helmet restricted)
rPois   .          Reflect  .   (no amulet)
rElec   .          Harm     .   (no ring)
rCorr   .          Rampage  .   (no ring)
Will    .....                   (no ring)
Stlth   ++........              (no ring)
HPRegen 0.12/turn               (no ring)
MPRegen 0.11/turn               (no ring)
                                (no ring)
                                (no ring)

@: confused, mighty
A: almost no armour, amphibious, 8 rings, camouflage 1, gelatinous body 1,
(nimble swimmer 1), tentacles, clumsy 1
a: no special abilities


You were on level 4 of the Dungeon.
You visited 1 branch of the dungeon, and saw 4 of its levels.

You collected 115 gold pieces.

Inventory:

Hand Weapons
 e - a +2 vorpal falchion
 n - the +7 hand axe "Haroqe" (weapon) {freeze, rN+ Dex+5}
   (You found it on level 3 of the Dungeon)

   It freezes those it strikes, dealing additional cold damage.
   It can also slow down cold-blooded creatures.
   Dex:       It affects your dexterity (+5).
   rN:        It protects you from negative energy.
Jewellery
 l - a +4 ring of protection
 r - a ring of resist corrosion
Wands
 o - a wand of flame (15)
 q - a wand of mindburst (10)
Scrolls
 b - a scroll of torment {unknown}
 c - 2 scrolls of blinking {unknown}
 d - 2 scrolls of teleportation {unknown}
 g - a scroll of immolation {unknown}
 j - 4 scrolls of identify {unknown}
 m - a scroll of poison {unknown}
 p - a scroll of acquirement {unknown}
 s - a scroll of noise {unknown}
Potions
 a - a potion of magic
 f - a potion of degeneration {unknown}
 h - a potion of cancellation {unknown}
 i - a potion of might
 k - 2 potions of mutation
 t - a potion of attraction {unknown}


   Skills:
 + Level 2.5 Axes
 - Level 2.0 Dodging
 - Level 2.6 Stealth
 - Level 2.0 Spellcasting
 * Level 6.8 Conjurations
 + Level 1.7 Hexes


You had 2 spell levels left.
You knew the following spells:

 Your Spells              Type           Power      Damage    Failure   Level
a - Magic Dart            Conj           100%       1d8       1%          1
b - Searing Ray           Conj           64%        2d6       1%          2
c - Fulminant Prism       Conj/Hex       10%        3d9       24%         4

Your spell library contained the following spells:

 Spells                   Type           Power      Damage    Failure   Level
 Ensorcelled Hibernation  Hex/Ice        12%        N/A       14%         2
 Dazzling Flash           Conj/Hex       42%        N/A       7%          3
 Iskenderun's Mystic Bla  Conj/Tloc      17%        2d5       32%         4
 Spider Form              Tmut/Pois      2%         N/A       38%         3
 Anguish                  Hex/Necr       3%         N/A       67%         4
 Summon Forest            Summ/Tloc      1%         N/A       98%         5
 Eringya's Noxious Bog    Tmut/Pois      1%         N/A       100%        6
 Summon Hydra             Summ           1%         N/A       100%        7


Dungeon Overview and Level Annotations

Branches:
Dungeon (4/15)
 Temple: D:4-7

Altars:
Okawaru
Ru
Trog
Xom

Shops:
D:1 [   D:4 (


Innate Abilities, Weirdness & Mutations

You cannot wear most types of armour.
You are amphibious.
You can wear up to eight rings at the same time.
Your skin changes colour to match your surroundings (Stealth+).
Your rubbery body absorbs attacks. (AC +1, EV +1)
((You are camouflaged when in or above water. (Stealth+)))
You have tentacles for arms and can constrict up to eight enemies at once.
You are clumsy. (Dex -2)


Message History

The searing ray misses the orc. (Press . to maintain the ray.)
The searing ray hits something!
The searing ray hits the orc.
The orc is moderately wounded.
You hear some strange, mumbled words.
You are confused.
You bump into the rock wall.
You bump into the rock wall.
The orc misses you.
You hit the orc. You freeze the orc.
You kill the orc!
A magic dart appears from out of thin air!
The magic dart hits you!
The orc hits you from afar with a +0 trident.
You hear some strange, mumbled words.
A puff of flame appears from out of thin air!
The puff of flame hits you!
Things that are here:
a +0 club; a +0 leather armour You bump into the rock wall.
You feel less confused. The orc misses you. Something hits you.
It was a potion of mutation.
You feel extremely strange.
You feel clumsy.
The orc hits you from afar with a +0 trident.
You hear some strange, mumbled words.
You are confused.
It was a potion of might.
You feel very mighty all of a sudden. The orc barely misses you.
Something hits you.
* * * LOW HITPOINT WARNING * * *
Okay, then.
Unknown command.
Unknown command.
You're too confused to move!
The orc hits you from afar with a +0 trident.
* * * LOW HITPOINT WARNING * * *
You hear some strange, mumbled words.
A puff of flame appears from out of thin air!
The puff of flame hits you!
You die...

#.#
#.....##.#
######.#
#.######.#
.......# #.#
#.# ########
#.# #.# # #.#
#.# ##. #.#
#.# ##... #.#
#.#
#.....#####.#
#.#
.....o{@....#
#.#
#.....#######
#.# ##... #.#
##. #.# ..
#.# ## #.#
#.# #.# #.#


You could see an orc.

Vanquished Creatures
  A bullfrog (D:4)
  A scorpion (D:4)
  2 jellies (D:3)
  An orc priest (D:4)
  An iguana (D:4)
  5 adders
  5 orcs (D:4)
  13 endoplasms
  5 giant cockroaches
  2 goblins
  9 hobgoblins
  3 jackals
  2 quokkas
  4 ball pythons
  3 bats
  A frilled lizard (D:1)
  14 kobolds
  A rat (D:3)
73 creatures vanquished.

Vanquished Creatures (others)
  3 fungi (D:3)
  A plant (D:1)
  7 toadstools (D:3)
11 creatures vanquished.

Grand Total: 84 creatures vanquished

Notes
Turn   | Place    | Note
-------+----------+-------------------------------------------
     0 | D:1      | FexLirch the Octopode Conjurer began the quest for the Orb.
     0 | D:1      | Reached XP level 1. HP: 11/11 MP: 3/3
   242 | D:1      | Found Zoub's Antique Armour Shop.
   458 | D:1      | Reached XP level 2. HP: 17/17 MP: 3/5
   488 | D:1      | Learned a level 2 spell: Searing Ray
   493 | D:1      | Found a faded altar of an unknown god.
  1264 | D:2      | Reached skill level 5 in Conjurations
  1264 | D:2      | Reached XP level 3. HP: 21/21 MP: 0/6
  1609 | D:2      | Identified the +4 robe of Midsummer {rC+ Will+++ Str+5}
  1971 | D:3      | Identified the +7 hand axe "Haroqe" {freeze, rN+ Dex+5}
  2013 | D:3      | Reached XP level 4. HP: 27/27 MP: 5/7
  2118 | D:3      | You fall into a shaft and drop 1 floor!
  2176 | D:4      | Noticed a bullfrog
  2553 | D:3      | Reached skill level 1 in Axes
  2568 | D:3      | Reached skill level 6 in Conjurations
  2568 | D:3      | Reached XP level 5. HP: 11/31 MP: 2/8
  3211 | D:4      | Learned a level 4 spell: Fulminant Prism
  3297 | D:4      | Reached skill level 1 in Hexes
  3297 | D:4      | Reached XP level 6. HP: 17/36 MP: 4/9
  3616 | D:4      | Found a bloodstained altar of Trog.
  3645 | D:4      | Found a sacrificial altar of Ru.
  3647 | D:4      | Found a shimmering altar of Xom.
  3647 | D:4      | Found an iron altar of Okawaru.
  4039 | D:4      | Found Teixic's Weapon Shop.
  4175 | D:4      | Gained mutation: You are clumsy. (Dex -2) [potion of
                  | mutation]
  4177 | D:4      | Killed from afar by an orc wizard

Illustrated notes

Levels and vault maps discovered:
D:1:      psy_arrival_conway, layout_basic,
          hellmonk_ecumenical_altar_heavens_door, serial_shops, shop_statue,
          chequers_jeans, serial_bayou_lake_a
D:2:      layout_basic, minmay_pentomino_u4
D:3:      cheibrodos_fertilizer, layout_loops_cross, serial_bayou_lagoon_b
D:4:      layout_loops_ring, grunt_temple_overflow_open, serial_shops, shop

Skill      XL: |  1  2  3  4  5 |
---------------+----------------+-----
Conjurations   | 5 6 |  6.8
Axes           | 1 2 |  2.5
Hexes          | 1 |  1.7
Dodging        | |  2.0
Stealth        | |  2.6
Spellcasting   | |  2.0

Action                   |  1- 3 |  4- 6 || total
-------------------------+-------+-------++-------
Melee: Falchion          |     6 |       ||     6
       Constrict         |     1 |       ||     1
       Hand axe          |       |    23 ||    23
       Tentacles         |       |     5 ||     5
       Punch             |       |     1 ||     1
 Cast: Magic Dart        |    57 |    59 ||   116
       Searing Ray       |     1 |     5 ||     6
  Use: Potion            |       |     2 ||     2
 Stab: Sleeping          |       |     7 ||     7
Armor: Skin              |       |     1 ||     1
Dodge: Dodged            |     6 |    13 ||    19
